 Dungeon Crawl Stone Soup version 0.30-a0-782-ge64f9170bb (webtiles) character file.

Game seed: 11703917858402723628

177 theswoord the Shooter (level 5, -1/38 HPs)
             Began as a Demonspawn Hunter on Feb 23, 2023.
             Slain by an orc wizard
             ... wielding a +2 dagger of electrocution
              (4 damage)
             ... on level 3 of the Dungeon.
             The game lasted 00:03:07 (2107 turns).

theswoord the Shooter (Demonspawn Hunter)           Turns: 2107, Time: 00:03:07

Health: -1/38      AC:  7    Str: 13    XL:     5   Next: 31%
Magic:  5/5        EV: 13    Int: 11    God:
Gold:   113        SH:  0    Dex: 16    Spells: 4/4 levels left

rFire   + . .      SeeInvis .    a - +1 shortbow
rCold   . . .      Faith    .    (shield currently unavailable)
rNeg    . . .      Spirit   .    p - +2 ring mail {rF+}
rPois   .          Reflect  .    (no helmet)
rElec   .          Harm     .    (no cloak)
rCorr   .          Rampage  .    (no gloves)
Will    .....                    (no boots)
Stlth   +                        f - amulet of regeneration
HPRegen 1.06/turn                (no ring)
MPRegen 0.09/turn                (no ring)

@: no status effects
A: claws 1, repulsion field 1, foul stench 1
a: no special abilities


You were on level 3 of the Dungeon.
You visited 1 branch of the dungeon, and saw 3 of its levels.

You collected 133 gold pieces.
You spent 20 gold pieces at shops.

Inventory:

Hand Weapons
 a - a +1 shortbow (weapon)
Armour
 c - a +0 leather armour
 p - a +2 ring mail of fire resistance (worn)
Jewellery
 f - an amulet of regeneration (around neck)
Wands
 k - a wand of acid (9)
Scrolls
 b - 2 scrolls of immolation
 d - a scroll of poison
 l - 2 scrolls of teleportation
 o - a scroll of identify
Potions
 e - a potion of berserk rage {unknown}
 g - a potion of magic {unknown}
 i - 2 potions of haste {unknown}
 j - a potion of mutation {unknown}
 m - 3 potions of cancellation {unknown}
 n - a potion of brilliance {unknown}


   Skills:
 - Level 2.0 Fighting
 + Level 6.1 Ranged Weapons
 - Level 1.7 Dodging
 - Level 0.8 Stealth


You had 4 spell levels left.
You didn't know any spells.
Your spell library contained the following spells:

 Spells                   Type           Power      Damage    Failure   Level
 Ensorcelled Hibernation  Hex/Ice        0%         N/A       75%         2
 Passwall                 Tmut/Erth      0%         N/A       75%         2
 Swiftness                Air            0%         N/A       93%         3


Dungeon Overview and Level Annotations

Branches:
Dungeon (3/15)

Altars:
Dithmenos

Shops:
D:2 (*!(*

Annotations:
D:3 2 runed translucent doors


Innate Abilities, Weirdness & Mutations

You have sharp fingernails.
You are surrounded by a mild repulsion field. (EV +2)
You may rarely emit foul miasma when damaged in melee.


Message History

The orc wizard hits you but does no damage. x2
You shoot an arrow. The arrow closely misses the orc.
The orc hits you but does no damage. The orc wizard closely misses you. x3
The orc wizard hits you but does no damage.
The orc hits you with a +0 short sword.
The orc wizard attacks as you move away!
The orc wizard misses you.
The orc wizard points at you and mumbles some strange words.
You resist with some effort.
There is a stone staircase leading up here.
The orc hits you but does no damage.
The orc wizard casts a spell.
The orc wizard flickers and vanishes!
Deactivating autopickup; reactivate with Ctrl-A.
The orc attacks as you move away! The orc closely misses you.
You shoot an arrow. The arrow hits the orc.
You kill the orc!
You hear some strange, mumbled words.
Something tries to affect you, but you resist.
The orc wizard barely misses you.
You shoot an arrow. The arrow barely misses the orc wizard.
The orc wizard mumbles some strange words.
The orc wizard flickers and vanishes!
A magic dart appears from out of thin air!
The magic dart hits you. Something hits you but does no damage.
No target in view!
No target in view!
No target in view!
You shoot an arrow. Something hits you.
You are electrocuted!!
Ouch! That really hurt!
* * * LOW HITPOINT WARNING * * *
Something hits you.
* * * LOW HITPOINT WARNING * * *
You shoot an arrow. Something hits you but does no damage.
You are electrocuted!
* * * LOW HITPOINT WARNING * * *
Something hits you.
* * * LOW HITPOINT WARNING * * *
You shoot an arrow. Something hits you.
You die...

# #..# #..#####............#.## #
#..# #....................... #
#..# #..............##†#..... #
#..# #.......................
####++####..............###......
..8#..#8................#⌠#......
..'....'................###..#...
..8####8...#.##.............##...
...........#.##.@.........####...
######.......##.{)........# ##...
############<........##..##
#.........#..... #............##.
####........##.. ###.##...#._.
#......##.. #####...##.


There were no monsters in sight!

Vanquished Creatures
  A black bear (D:3)
  2 adders
  4 worms
  3 dart slugs
  An orc (D:3)
  A bat (D:1)
  4 endoplasms
  4 giant cockroaches
  4 goblins
  6 hobgoblins
  A quokka (D:2)
  8 ball pythons
  2 frilled lizards
  7 kobolds
  5 rats
53 creatures vanquished.

Notes
Turn   | Place    | Note
-------+----------+-------------------------------------------
     0 | D:1      | theswoord the Demonspawn Hunter began the quest for the
                  | Orb.
     0 | D:1      | Reached XP level 1. HP: 16/16 MP: 1/1
   118 | D:1      | Reached skill level 4 in Ranged Weapons
   122 | D:1      | Gained mutation: You may rarely emit foul miasma when
                  | damaged in melee. [demonic ancestry]
   122 | D:1      | Reached XP level 2. HP: 22/22 MP: 2/2
   328 | D:1      | Found a faded altar of an unknown god.
   809 | D:2      | Found Mesi's Assorted Antiques.
   882 | D:2      | Gained mutation: You are surrounded by a mild repulsion
                  | field. (EV +2) [demonic ancestry]
   882 | D:2      | Reached XP level 3. HP: 27/27 MP: 3/3
   891 | D:2      | Found Xydathral's Assorted Antiques.
   899 | D:2      | Bought a scroll labelled ILUSHA YWEHO for 20 gold pieces
   981 | D:2      | Found Jeotipt's Distillery.
  1039 | D:2      | Found Woagistre's Antique Weapon Shop.
  1367 | D:2      | Reached skill level 5 in Ranged Weapons
  1457 | D:2      | Found Jyityvva's Weapon Shoppe.
  1628 | D:3      | Found a large runed translucent door.
  1632 | D:3      | Found a large runed translucent door.
  1767 | D:3      | Gained mutation: You have sharp fingernails. [demonic
                  | ancestry]
  1767 | D:3      | Reached XP level 4. HP: 29/33 MP: 4/4
  1799 | D:3      | Noticed a black bear
  1811 | D:3      | Killed a black bear
  1812 | D:3      | Reached skill level 6 in Ranged Weapons
  1812 | D:3      | Reached XP level 5. HP: 29/38 MP: 5/5
  2083 | D:3      | Found a shadowy altar of Dithmenos.
  2107 | D:3      | Slain by an orc wizard

Skill      XL: |  1  2  3  4 |
---------------+-------------+-----
Ranged Weapons | 4 5 6 |  6.1
Fighting       | |  2.0
Dodging        | |  1.7
Stealth        | |  0.8

Action                     |  1- 3 |  4- 6 || total
---------------------------+-------+-------++-------
   Fire: Shortbow          |   153 |    34 ||   187
  Evoke: Wand              |       |     1 ||     1
    Use: Scroll            |     5 |     1 ||     6
         Potion            |       |     1 ||     1
 Armour: Leather armour    |    16 |       ||    16
         Ring mail         |       |    21 ||    21
  Dodge: Dodged            |    37 |    28 ||    65

Levels and vault maps discovered:
D:1:      kilobyte_arrival_exit_the_forest, layout_rooms,
          hellmonk_ecumenical_altar_arch_garden, corexii_corridor_pit
D:2:      layout_loops_corners, serial_shops, nicolae_shop_crystal, shop,
          nicolae_shop_competitors_out_of_business, shop, shop
D:3:      layout_basic, nicolae_dithmenos_through_a_glass_darkly,
          jmf_multi_god_temple2, feat_on_display
